AoeStats
← bkg45

Hill Fort

504354014Analyzed
4v4 RM · 27d ago on Sep 5, 2026· 56m 10s· 8 players
Game mode
Random Map
Map size
Large (8 player)
Population
200
Speed
Normal
Resources
Standard
Victory
Conquest
Starting age
Dark Age
Ending age
Imperial Age
RankedLock teamsTeams togetherTeam positionsShared explorationLock speedFull tech treeHidden civsTurbo modeCheats
Victory
Defeat
🇨🇦 Huns · Canada
1242
+13
🇺🇸 Mapuche · United States
1217
+14
🇺🇸 Poles · United States
1200
+14
🇺🇸 Japanese · United States
1162
+16
🇦🇷 Saracens · Argentina
1234
-16
🇨🇴 Ethiopians · Colombia
1202
-16
🇦🇷 Mongols · Argentina
1158
-14
🇦🇷 Spanish · Argentina
1077
-11
Commander Ricky
9:24 Feudal Age
7:41 Loom
10:31 Double-Bit Axe
12:03 Town Watch
16:12 Fletching
23:58 Castle Age
22:42 Padded Archer Armor
23:47 Gold Mining
23:52 Horse Collar
23:59 Crossbowman
24:51 Bodkin Arrow
27:50 Leather Archer Armor
35:04 Wheelbarrow
35:01 Thumb Ring
38:15 Hand Cart
38:42 Elite Skirmisher
40:07 Bow Saw
45:29 Imperial Age
44:07 Bimaristan
44:32 Gold Shaft Mining
43:48 Stone Mining
45:00 Ballistics
45:45 Husbandry
45:56 Bloodlines
45:32 Arbalester
47:30 Chemistry
46:38 Siege Engineers
46:37 Bracer
47:08 Ring Archer Armor
46:25 Light Cavalry
47:15 Bloodlines
47:05 Husbandry
47:42 Forging
47:37 Scale Barding Armor
47:39 Husbandry
49:42 Murder Holes
zMelman
7:46 Loom
10:20 Feudal Age
11:32 Double-Bit Axe
21:49 Castle Age
20:08 Horse Collar
22:29 Bloodlines
22:55 Scale Barding Armor
24:34 Chain Barding Armor
33:18 Bow Saw
34:16 Bow Saw
34:14 Stone Mining
34:20 Gold Mining
35:12 Wheelbarrow
34:24 Town Watch
35:15 Husbandry
37:29 Padded Archer Armor
39:10 Stone Shaft Mining
39:45 Town Patrol
43:05 Leather Archer Armor
43:41 Hand Cart
48:21 Imperial Age
51:03 Imperial Age
51:12 Elite Conquistador
52:43 Plate Barding Armor
52:40 Ring Archer Armor
52:48 Conscription
LucasViola27
5:49 Loom
9:05 Feudal Age
13:14 Horse Collar
20:50 Castle Age
19:25 Wheelbarrow
20:05 Bloodlines
21:38 Husbandry
23:42 Double-Bit Axe
24:56 Scale Barding Armor
25:01 Forging
26:54 Chain Barding Armor
27:09 Iron Casting
28:24 Iron Casting
29:24 Wheelbarrow
33:12 Bow Saw
33:54 Heavy Plow
39:59 Hand Cart
43:34 Imperial Age
45:37 Blast Furnace
44:34 Heavy Camel Rider
48:16 Conscription
51:28 Elite Mangudai
Caballero Cruzado
7:08 Loom
9:23 Feudal Age
10:54 Double-Bit Axe
16:13 Fletching
20:31 Gold Mining
24:19 Castle Age
23:44 Padded Archer Armor
24:54 Wheelbarrow
24:22 Crossbowman
24:59 Bodkin Arrow
25:20 Leather Archer Armor
25:21 Bow Saw
27:27 Thumb Ring
33:57 Hand Cart
34:23 Gold Shaft Mining
36:04 Ballistics
38:40 Imperial Age
36:45 Town Watch
37:38 Stone Mining
40:28 Chemistry
38:50 Arbalester
43:59 Ring Archer Armor
43:31 Bracer
44:02 Ring Archer Armor
46:00 Fortified Wall
45:46 Murder Holes
52:34 Forging
52:25 Scale Mail Armor
54:56 Squires
Howie
3:11 Loom
11:11 Feudal Age
15:52 Castle Age
13:42 Double-Bit Axe
16:23 Scale Barding Armor
20:28 Horse Collar
23:13 Wheelbarrow
25:52 Szlachta Privileges
26:05 Bloodlines
30:39 Forging
32:42 Chain Barding Armor
34:15 Iron Casting
36:56 Town Watch
41:11 Imperial Age
39:03 Fletching
39:32 Husbandry
40:03 Bow Saw
39:47 Gold Mining
41:08 Heavy Plow
41:21 Cavalier
43:05 Blast Furnace
41:35 Light Cavalry
43:26 Hand Cart
44:23 Conscription
45:37 Stone Mining
48:26 Caravan
48:54 Bodkin Arrow
51:09 Lechitic Legacy
51:15 Lechitic Legacy
51:20 Winged Hussar
54:41 Crop Rotation
FEMALE INCA VILLAGER
11:14 Feudal Age
16:07 Castle Age
15:32 Double-Bit Axe
16:47 Fletching
16:58 Padded Archer Armor
18:49 Loom
20:02 Bodkin Arrow
23:23 Bloodlines
24:32 Wheelbarrow
29:03 Leather Archer Armor
30:10 Husbandry
30:29 Thumb Ring
33:09 Ballistics
34:17 Bow Saw
38:26 Imperial Age
36:07 Stone Mining
36:15 Gold Mining
37:17 Scale Barding Armor
37:56 Hand Cart
38:49 Forging
40:21 Husbandry
40:58 Iron Casting
40:43 Chain Barding Armor
41:24 Marauders
41:45 Conscription
40:46 Elite Tarkan
42:43 Blast Furnace
43:23 Plate Barding Armor
44:29 Parthian Tactics
45:11 Bracer
51:15 Heavy Cavalry Archer
56:25 Chemistry
osteor10
10:57 Feudal Age
11:30 Loom
20:23 Castle Age
19:24 Double-Bit Axe
19:38 Horse Collar
21:39 Pikeman
23:07 Squires
32:17 Wheelbarrow
31:31 Town Watch
33:02 Scale Mail Armor
39:46 Bow Saw
42:59 Imperial Age
41:31 Hand Cart
42:07 Gold Mining
42:08 Stone Mining
42:44 Chain Mail Armor
42:39 Forging
42:34 Heavy Plow
43:14 Town Patrol
43:26 Forging
43:52 Halberdier
47:35 Conscription
49:26 Plate Mail Armor
49:31 Iron Casting
52:59 Gold Shaft Mining
53:08 Arson
54:37 Two-Man Saw
57:10 Blast Furnace
bkg45
9:19 Loom
11:15 Feudal Age
16:00 Castle Age
14:30 Double-Bit Axe
14:59 Horse Collar
16:12 Padded Archer Armor
21:07 Bow Saw
26:16 Town Watch
27:00 Fletching
27:42 Bodkin Arrow
29:48 Leather Archer Armor
36:59 Ballistics
42:16 Malon
53:13 Imperial Age
51:46 Wheelbarrow
52:57 Hand Cart
53:23 Elite Bolas Rider
55:34 Ring Archer Armor
56:40 Conscription
Connection lost

Rejoining the realm…

Still unreachable

The connection could not be restored.

Session expired

The server has moved on; the page needs a fresh start.